 Dungeon Crawl Stone Soup version 0.23.0 (webtiles) character file.

Game seed: 6102613445134414018

70 Borgoz the Cudgeler (level 4, -2/27 HPs)
             Began as a Gargoyle Gladiator on Feb 9, 2019.
             Slain by a gnoll
             ... wielding a +0 club
              (3 damage)
             ... on level 2 of the Dungeon.
             The game lasted 00:02:23 (1225 turns).

Borgoz the Cudgeler (Gargoyle Gladiator)            Turns: 1225, Time: 00:02:24

Health: -2/27      AC:  7    Str: 17    XL:     4   Next: 21%
Magic:  4/4        EV: 12    Int:  9    God:
Gold:   54         SH:  0    Dex: 12    Spells: 3/3 levels left

rFire    . . .     SeeInvis .   a - +0 flail
rCold    . . .     Gourm    .   (no shield)
rNeg     + . .     Faith    .   b - +0 leather armour
rPois    ∞         Spirit   .   c - +0 helmet
rElec    +         Reflect  .   (no cloak)
rCorr    .         Harm     .   (no gloves)
MR       .....                  (no boots)
Stlth    +.........             (no amulet)
HPRegen  0.09/turn              (no ring)
MPRegen  0.09/turn              (no ring)

@: flying, hasted, very quick
A: negative energy resistance 1, electricity resistance, unbreathing,
petrification resistance, rot immunity, AC +3
a: no special abilities


You were on level 2 of the Dungeon.
You were not hungry.

You visited 1 branch of the dungeon, and saw 2 of its levels.

You collected 54 gold pieces.

Inventory:

Hand Weapons
 a - a +0 flail (weapon)
Missiles
 d - 4 throwing nets (quivered)
 k - 6 needles of sleeping
Armour
 b - a +0 leather armour (worn)
 c - a +0 helmet (worn)
Jewellery
 j - a +2 ring of strength {unknown}
Wands
 l - a wand of disintegration (8)
Scrolls
 e - 2 scrolls of identify {unknown}
 h - a scroll of fear {unknown}
 n - a scroll of magic mapping {unknown}
Comestibles
 f - a ration


   Skills:
 + Level 2.9 Fighting
 + Level 3.4 Maces & Flails
 - Level 1.7 Throwing
 + Level 1.5 Armour
 * Level 3.1 Dodging


You had 3 spell levels left.
You didn't know any spells.
Your spell library was empty.

Dungeon Overview and Level Annotations

Branches:
Dungeon (2/15)

Altars:
Makhleb


Innate Abilities, Weirdness & Mutations

You are resistant to torment.
Your stone body is resilient. (AC +3)
You are immune to poison.
You resist negative energy. (rN+)
You are resistant to electric shocks. (rElec)
You can survive without breathing.
You are immune to petrification.
You are immune to rotting.


Message History

The gnoll hits you.
* * * LOW HITPOINT WARNING * * *
The gnoll hits you but does no damage.
You hit the gnoll.
The gnoll is severely wounded.
The gnoll closely misses you. The gnoll hits you with a +0 club.
* * * LOW HITPOINT WARNING * * *
Unknown command.
There is a stone staircase leading up here.
It was a potion of flight.
You feel very buoyant.
You fly up into the air.
It was a potion of haste.
You feel yourself speed up. The gnoll misses you. x2
You hit the gnoll but do no damage.
The gnoll is heavily wounded.
The gnoll barely misses you.
You barely miss the gnoll.
The gnoll is heavily wounded.
The gnoll hits you with a +0 club.
You die...

###....##.##
##§≈§.≈.≈.≈§≈## .#...###
.# ###§§≈...≈§§##
.†.....# #. #.##≈≈..§≈≈##
....##..#
#.####.####'''###
..#...#.#.#......# #....#
....#............###.####
.................##..#
.##.#............##.## .#
.####.#......@g..# .. .#
#.##....##g.######
#.##.............# ..#.
#.##.....).......#
....####................#
.#....#.................#
....#.#...###..######.###
.........####..# #.##
............##.### #..#


You could see 2 gnolls.

Vanquished Creatures
  An adder (D:2)
  A gnoll (D:2)
  An ooze (D:1)
  2 worms (D:2)
  A dart slug (D:1)
  5 leopard geckos
  2 ball pythons
  8 bats
  3 goblins
  3 hobgoblins
  3 frilled lizards (D:2)
  3 rats
33 creatures vanquished.

Notes
Turn   | Place    | Note
-------+----------+-------------------------------------------
     0 | D:1      | Borgoz the Gargoyle Gladiator began the quest for the Orb.
     0 | D:1      | Reached XP level 1. HP: 12/12 MP: 1/1
   145 | D:1      | Reached XP level 2. HP: 16/18 MP: 2/2
   386 | D:1      | Reached skill level 1 in Armour
   484 | D:1      | Reached XP level 3. HP: 22/22 MP: 3/3
   970 | D:2      | Found a burning altar of Makhleb.
  1018 | D:2      | Reached XP level 4. HP: 20/27 MP: 4/4
  1218 | D:2      | HP: 1/27 [gnoll/+0 club (3)]
  1225 | D:2      | Slain by a gnoll

Skill      XL: |  1  2  3 |
---------------+----------+-----
Armour         | 1 |  1.5
Dodging        | 3 |  3.1
Fighting       | |  2.9
Maces & Flails | |  3.4
Throwing       | |  1.7

Action                   |  1- 3 |  4- 6 || total
-------------------------+-------+-------++-------
Melee: Flail             |   117 |    14 ||   131
  Use: Potion            |       |     2 ||     2
  Eat: Chunk             |     1 |       ||     1
Armor: Leather armour    |    66 |     3 ||    69
Dodge: Dodged            |   100 |    14 ||   114
